 Dungeon Crawl Stone Soup version 0.29.1-2-gbd0b4ee654 (webtiles) character file.

Game seed: 15698402167761704145

9704 cdecastro the Arsonist (level 11, 0/57 HPs)
             Began as a Deep Elf Fire Elementalist on Nov 16, 2022.
             Was a Priest of Vehumet.
             Shot with an arrow by a centaur warrior (16 damage)
             ... on level 9 of the Dungeon.
             The game lasted 00:47:44 (13546 turns).

cdecastro the Arsonist (DEFE)                      Turns: 13546, Time: 00:47:45

Health: 0/57       AC:  9    Str:  5    XL:     11   Next: 26%
Magic:  9/27       EV: 17    Int: 31    God:    Vehumet [***...]
Gold:   1666       SH:  0    Dex: 15    Spells: 6/30 levels left

rFire   . . .      SeeInvis .   b - +0 arbalest (freeze)
rCold   . . .      Faith    .   (shield currently unavailable)
rNeg    . . .      Spirit   .   S - +2 robe {Will+}
rPois   .          Reflect  .   g - +2 hat
rElec   .          Harm     .   (no cloak)
rCorr   .          Rampage  .   e - +1 pair of gloves
Will    ++...                   h - +0 pair of boots
Stlth   ++........              x - amulet of Vitality {RegenMP++ Regen++}
HPRegen 1.79/turn               q - ring of wizardry
MPRegen 1.00/turn               C - +6 ring of intelligence

@: no status effects
A: no striking features
a: Renounce Religion


You were on level 9 of the Dungeon.
You worshipped Vehumet.
Vehumet was most pleased with you.
You visited 2 branches of the dungeon, and saw 10 of its levels.
You also visited: Sewer and Bailey.

You collected 1666 gold pieces.

Inventory:

Hand Weapons
 a - a +4 hand axe
 b - a +0 arbalest of freezing (weapon)
 J - a +2 sling of flaming
 Q - a +1 dagger of venom
Missiles
 i - 2 throwing nets
 j - 106 stones
 r - 14 boomerangs
 s - 24 poisoned darts
 P - a curare-tipped dart
Armour
 e - a +1 pair of gloves (worn)
 g - a +2 hat (worn)
 h - a +0 pair of boots (worn)
 l - +0 acid dragon scales
 S - a +2 robe of willpower (worn)
 T - +0 steam dragon scales
Jewellery
 o - the ring "Yrocegyu" {rPois Dex+2}
   (You found it on level 7 of the Dungeon)

   [ring of poison resistance]

   Dex:       It affects your dexterity (+2).
   rPois:     It protects you from poison.
 q - a ring of wizardry (left hand)
 x - the amulet of Vitality (around neck) {RegenMP++ Regen++}
   (You acquired it on level 8 of the Dungeon)

   [amulet of magic regeneration]

   It increases your rate of magic regeneration.
   Regen:     It increases your rate of health regeneration.
 A - a +6 ring of dexterity
 C - a +6 ring of intelligence (right hand)
 D - the ring of Mysticism {Drain rC+ rCorr Str+3 Int+6}
   (You took it off an orc on level 5 of the Dungeon)

   [ring of intelligence]

   Str:       It affects your strength (+3).
   Int:       It affects your intelligence (+6).
   rC:        It protects you from cold.
   rCorr:     It protects you from acid and corrosion.
   Drain:     It drains your maximum health when unequipped.
Wands
 w - a wand of polymorph (6)
 E - a wand of paralysis (12)
 K - a wand of iceblast (13)
 L - a wand of flame (19)
 N - a wand of digging (8)
 R - a wand of mindburst (12)
Scrolls
 c - a scroll of enchant armour
 d - a scroll of vulnerability {unknown}
 m - a scroll of blinking
 n - 3 scrolls of teleportation
 t - a scroll of fog
 y - a scroll of noise {unknown}
 H - a scroll of identify
 M - a scroll of summoning
Potions
 f - 6 potions of curing
 k - 3 potions of attraction
 p - 4 potions of heal wounds
 u - 2 potions of invisibility
 v - 2 potions of lignification
 z - 2 potions of brilliance
 B - a potion of mutation
 F - a potion of might
 G - 3 potions of haste
 I - a potion of magic
 O - 3 potions of resistance


   Skills:
 * Level 2.1 Fighting
 - Level 10.0 Dodging
 - Level 2.4 Stealth
 - Level 10.0 Spellcasting
 - Level 10.0 Conjurations
 - Level 10.5 Fire Magic
 - Level 5.0 Air Magic


You had 6 spell levels left.
You knew the following spells:

 Your Spells              Type           Power      Damage    Failure   Level
a - Foxfire               Conj/Fire      100%       2x1d9     1%          1
b - Scorch                Fire           100%       2d10      1%          2
c - Conjure Flame         Conj/Fire      68%        6-21      1%          3
d - Inner Flame           Hex/Fire       48%        N/A       1%          3
e - Flame Wave            Conj/Fire      68%        2d15      1%          4
f - Sticky Flame          Conj/Fire      68%        2d8       1%          4
g - Mephitic Cloud        Conj/Pois/Air  46%        N/A       1%          3
h - Airstrike             Air            23%        2d(4-20)  1%          4

Your spell library contained the following spells:

 Spells                   Type           Power      Damage    Failure   Level
 Ignite Poison            Fire/Tmut/Pois 37%        N/A       1%          3
 Beastly Appendage        Tmut           30%        N/A       1%          1
 Blink                    Tloc           30%        N/A       1%          2
 Passwall                 Tmut/Erth      12%        N/A       1%          2
 Static Discharge         Conj/Air       58%        3-11/arc  1%          2
 Sublimation of Blood     Necr           15%        N/A       1%          2
 Wereblood                Tmut           15%        N/A       1%          2
 Hailstorm                Conj/Ice       46%        3d11      1%          4
 Lightning Bolt           Conj/Air       29%        1d45      1%          5
 Lesser Beckoning         Tloc           15%        N/A       4%          3
 Portal Projectile        Hex/Tloc       30%        N/A       4%          3
 Spider Form              Tmut/Pois      15%        N/A       4%          3
 Summon Guardian Golem    Hex/Summ       15%        N/A       4%          3
 Tukima's Dance           Hex            15%        N/A       4%          3
 Summon Lightning Spire   Summ/Air       31%        N/A       4%          4
 Anguish                  Hex/Necr       7%         N/A       13%         4
 Animate Dead             Necr           15%        N/A       13%         4
 Dispel Undead            Necr           15%        3d10      13%         4
 Ice Form                 Ice/Tmut       15%        N/A       13%         4
 Leda's Liquefaction      Hex/Erth       7%         N/A       13%         4
 Summon Ice Beast         Ice/Summ       15%        N/A       13%         4
 Blade Hands              Tmut           7%         N/A       32%         5
 Borgnjor's Vile Clutch   Necr/Erth      7%         N/A       32%         5
 Manifold Assault         Tloc           15%        N/A       32%         5
 Summon Mana Viper        Hex/Summ       15%        N/A       32%         5
 Death Channel            Necr           7%         N/A       86%         6
 Simulacrum               Ice/Necr       7%         N/A       86%         6
 Orb of Destruction       Conj           33%        9d10      5%          7
 Spellforged Servitor     Conj/Summ      23%        N/A       32%         7
 Monstrous Menagerie      Summ           7%         N/A       100%        7
 Borgnjor's Revivificati  Necr           7%         N/A       100%        8


Dungeon Overview and Level Annotations

Branches:
Dungeon (9/15)             Temple (1/1) D:6           Sewer (visited)
 Bailey (visited)
   Lair: D:8-11         Orc: D:9-12

Altars:
Ashenzari
Cheibriados
Dithmenos
Elyvilon
Fedhas
Gozag
Hepliaklqana
Kikubaaqudgha
Makhleb
Nemelex Xobeh
Okawaru
Qazlal
Ru
Sif Muna
Trog
Uskayaw
Vehumet
Wu Jian
Xom
Yredelemnul
Zin
The Shining One


Message History

Casting: Airstrike (dangerous; 1% risk of failure)
Confirm with . or Enter, or press ? or * to list all spells.
Aiming: Airstrike (dangerous; 1% risk of failure)
Press: ? - help, Dir - move target, f/p - centaur warrior
Aim: a centaur warrior, wielding a +0 longbow (moderately wounded, empty space bonus: 3/8)
The air twists around and strikes the centaur warrior!
The centaur warrior is heavily wounded.
The centaur warrior shoots an arrow.
The arrow hits you!
Unknown command.
Unknown command.
Casting: Airstrike (dangerous; 1% risk of failure)
Confirm with . or Enter, or press ? or * to list all spells.
Aiming: Airstrike (dangerous; 1% risk of failure)
Press: ? - help, Dir - move target, f/p - centaur warrior
Aim: a centaur warrior, wielding a +0 longbow (heavily wounded, empty space bonus: 3/8)
The air twists around and strikes the centaur warrior.
The centaur warrior is severely wounded.
The centaur warrior shoots an arrow.
The arrow hits you.
The centaur warrior shoots an arrow.
The arrow hits you!
* * * LOW HITPOINT WARNING * * *
Unknown command.
Unknown command.
Casting: Airstrike (dangerous; 1% risk of failure)
Confirm with . or Enter, or press ? or * to list all spells.
Aiming: Airstrike (dangerous; 1% risk of failure)
Press: ? - help, Dir - move target, f/p - centaur warrior
Aim: a centaur warrior, wielding a +0 longbow (severely wounded, empty space bonus: 3/8)
The air twists around and strikes the centaur warrior.
The centaur warrior is severely wounded.
You hear a shout!
The centaur warrior shoots an arrow.
The arrow hits you but does no damage.
Casting: Airstrike (dangerous; 1% risk of failure)
Confirm with . or Enter, or press ? or * to list all spells.
Aiming: Airstrike (dangerous; 1% risk of failure)
Press: ? - help, Dir - move target, f/p - centaur warrior
Aim: a centaur warrior, wielding a +0 longbow (severely wounded, empty space bonus: 3/8)
The air twists around and strikes the centaur warrior!
The centaur warrior is almost dead.
The centaur warrior shoots an arrow.
The arrow hits you!
You die...

.. #.. #.....# .. #.♣♣♣♣##♣'♣##
c###.....#..>..# '#).(♣♣♣.)..8.)'
##.#.#.....#..<..#
#§.#.#.♣♣♣♣##♣'♣## .............
#)§#.#.. ♣.♣ ....g.......
##§##.#♣♣♣ #♣♣.♣♣# ...........
#.@...# #..♣..# ..........
#.♣♣♣.# #♣♣.♣♣# ......... ..#.
..# ♣.♣ ........ ..########
#####♣.♣## .......#
#.......#♣♣......... .......#
#.......#♣.######### .......#
#.......#..'....:...
.......#######.......#♣.#########
......g..............#♣♣...†.)...


You could see a centaur warrior.

Vanquished Creatures
  3 two-headed ogres (D:9)
  A cyclops (D:9)
  2 kobold demonologists (Bailey)
  2 trolls
  A hornet (D:7)
  3 wyverns
  A yak (D:9)
  A basilisk (D:9)
  3 steam dragons (D:9)
  An acid dragon (D:9)
  3 ice beasts
  3 ogres
  12 orc warriors
  2 black bears
  3 phantoms
  4 centaurs
  3 kobold brigands
  A gnoll sergeant (D:9)
  5 bullfrogs
  A necrophage (D:5)
  3 scorpions
  5 wights (D:8)
  3 killer bees
  5 electric eels (Bailey)
  A howler monkey (D:9)
  A jelly (D:6)
  3 hounds
  5 orc priests
  2 gnoll boudas
  Natasha (thrice) (D:4)
  6 iguanas
  Ijyb (D:5)
  6 orc wizards
  Robin (D:2)
  27 gnolls
  20 adders
  A shadow imp (D:7)
  2 white imps
  2 ufetubi
  2 worms
  5 dart slugs
  29 orcs
  10 bats
  8 endoplasms
  10 giant cockroaches
  22 goblins
  20 hobgoblins
  2 jackals (D:5)
  11 kobolds
  5 quokkas
  8 ball pythons
  8 frilled lizards
  5 rats
297 creatures vanquished.

Vanquished Creatures (collateral kills)
  A foxfire (D:1)
1 creature vanquished.

Vanquished Creatures (others)
  403 foxfires
  3 plants (D:9)
406 creatures vanquished.

Grand Total: 704 creatures vanquished

Notes
Turn   | Place    | Note
-------+----------+-------------------------------------------
     0 | D:1      | cdecastro the Deep Elf Fire Elementalist began the quest
                  | for the Orb.
     0 | D:1      | Reached XP level 1. HP: 10/10 MP: 6/6
   323 | D:1      | Reached XP level 2. HP: 15/15 MP: 5/8
   367 | D:1      | Found a faded altar of an unknown god.
   897 | D:1      | Reached XP level 3. HP: 19/19 MP: 6/9
  1228 | D:1      | Learned a level 2 spell: Scorch
  1235 | D:2      | Reached skill level 5 in Fire Magic
  1322 | D:2      | Noticed Robin
  1390 | D:2      | Killed Robin
  1437 | D:2      | Reached XP level 4. HP: 24/24 MP: 4/10
  2417 | D:3      | Learned a level 3 spell: Conjure Flame
  2719 | D:3      | Got the Omnibus of the Geologist and Necromancy
  2858 | D:3      | Reached XP level 5. HP: 28/28 MP: 6/11
  3496 | D:4      | Noticed Natasha
  3585 | D:4      | Killed Natasha
  3592 | D:4      | Reached XP level 6. HP: 29/32 MP: 7/12
  3603 | D:4      | Found a glowing drain.
  3612 | Sewer    | Entered a sewer
  4188 | Sewer    | Learned a level 3 spell: Inner Flame
  4653 | D:4      | Noticed an ice beast
  4720 | D:4      | Noticed Natasha
  4726 | D:4      | Killed Natasha
  4727 | D:4      | Reached XP level 7. HP: 29/36 MP: 6/13
  4920 | D:4      | Found a shimmering blue altar of Sif Muna.
  4963 | D:4      | Noticed Natasha
  4970 | D:4      | Killed Natasha
  5076 | D:5      | Entered Level 5 of the Dungeon
  5426 | D:5      | Reached skill level 10 in Fire Magic
  5672 | D:5      | Reached XP level 8. HP: 41/41 MP: 9/15
  5718 | D:5      | Reached skill level 5 in Spellcasting
  5794 | D:5      | Identified the ring of Mysticism {Drain rC+ rCorr Str+3
                  | Int+6}
  5817 | D:5      | Noticed Ijyb
  5825 | D:5      | Killed Ijyb
  6734 | D:6      | Found a staircase to the Ecumenical Temple.
  6785 | Temple   | Entered the Ecumenical Temple
  7058 | Temple   | Became a worshipper of Vehumet
  7126 | D:6      | Reached skill level 10 in Spellcasting
  7539 | Temple   | Learned a level 4 spell: Flame Wave
  7544 | Temple   | Learned a level 4 spell: Sticky Flame
  7632 | D:6      | Reached XP level 9. HP: 45/45 MP: 20/25
  8007 | D:7      | Identified the ring "Yrocegyu" {rPois Dex+2}
  8211 | D:7      | Reached skill level 5 in Conjurations
  8808 | D:7      | Reached * piety under Vehumet
  8808 | D:7      | Offered knowledge of Freeze by Vehumet.
  8809 | D:7      | Reached skill level 5 in Dodging
  9048 | D:7      | Found an ornate altar of the Wu Jian Council.
  9087 | D:7      | Found a bloodstained altar of Trog.
  9696 | D:8      | Found a flagged portal.
  9798 | Bailey   | Entered a bailey
 10287 | Bailey   | Reached XP level 10. HP: 50/50 MP: 8/26
 10446 | Bailey   | Reached ** piety under Vehumet
 10447 | Bailey   | Offered knowledge of Shock by Vehumet.
 10689 | Bailey   | Reached skill level 10 in Dodging
 10748 | Bailey   | Found an iron altar of Okawaru.
 12259 | D:9      | Found a hide-covered altar of Uskayaw.
 12662 | D:9      | Noticed a two-headed ogre
 12665 | D:9      | Killed a two-headed ogre
 12668 | D:9      | Noticed a two-headed ogre
 12673 | D:9      | Killed a two-headed ogre
 12792 | D:9      | Offered knowledge of Mephitic Cloud by Vehumet.
 12799 | D:9      | Learned a level 3 spell: Mephitic Cloud
 12802 | D:8      | Acquired 1050 gold pieces
 12806 | D:8      | Acquired the amulet of Vitality {RegenMP++ Regen++}
 12806 | D:8      | Found the amulet of Vitality {RegenMP++ Regen++}
 12881 | D:9      | Reached skill level 10 in Conjurations
 12891 | D:9      | Learned a level 4 spell: Airstrike
 12951 | D:9      | Reached skill level 1 in Air Magic
 13024 | D:9      | Reached *** piety under Vehumet
 13191 | D:9      | Reached XP level 11. HP: 36/54 MP: 27/27
 13222 | D:9      | Found a hazy altar of Hepliaklqana.
 13222 | D:9      | Found a sparkling altar of Nemelex Xobeh.
 13222 | D:9      | Found a blossoming altar of Fedhas.
 13227 | D:9      | Found a glowing silver altar of Zin.
 13532 | D:9      | Noticed a two-headed ogre
 13538 | D:9      | Reached skill level 5 in Air Magic
 13538 | D:9      | Killed a two-headed ogre
 13540 | D:9      | Noticed a centaur warrior
 13541 | D:9      | Offered knowledge of Ignite Poison by Vehumet.
 13546 | D:9      | Shot with an arrow by a centaur warrior

Illustrated notes

Levels and vault maps discovered:
D:1:      moated_graveyard_arrival, layout_basic,
          ebering_ecumenical_altar_petrified, minmay_split_cup_large
D:2:      layout_basic, uniq_robin
D:3:      layout_basic
D:4:      layout_cave_pools, mainiacjoe_overflow_six_doors_small,
          portal_sewer_entry_d, kennysheep_dice, uniq_natasha
D:5:      lemuel_ice_spiral_2, layout_rooms, palyth_stone_intersect,
          fountainhead, st_stairs_6, minmay_circle_x, uniq_ijyb
D:6:      layout_rooms, temple_pool_b
D:7:      layout_basic, mainiacjoe_overflow_two_lobes
D:8:      layout_cave_pods, enter_bailey_4, dk_noncrumbling_3
D:9:      nzn_winding_woodlands_stair_cross
          [nzn_winding_woodlands_5x15_longhouse,
          nzn_winding_woodlands_center_lodge,
          nzn_winding_woodlands_5x15_sidewinder,
          nzn_winding_woodlands_5x5_cross, nzn_winding_woodlands_5x5_perimeter,
          nzn_winding_woodlands_5x15_crooked,
          nzn_winding_woodlands_center_diamonds,
          nzn_winding_woodlands_5x15_lazy_stream], layout_long_grid, minitemple
Temple:   minmay_temple_curvy_branch

Skill      XL: |  1  2  3  4  5  6  7  8  9 10 11 |
---------------+----------------------------------+-----
Fire Magic     | 4 5 6 7 8 10 | 10.5
Spellcasting   | 10 | 10.0
Conjurations   | 2 5 10 | 10.0
Dodging        | 8 10 | 10.0
Air Magic      | 2 5 |  5.0
Fighting       | 2 |  2.1
Stealth        | |  2.4

Action                   |  1- 3 |  4- 6 |  7- 9 | 10-12 || total
-------------------------+-------+-------+-------+-------++-------
Melee: Dagger            |       |     1 |       |       ||     1
 Fire: Arbalest          |       |       |       |    63 ||    63
 Cast: Foxfire           |    50 |    62 |   113 |     9 ||   234
       Scorch            |     2 |    51 |   100 |    71 ||   224
       Inner Flame       |       |     2 |     7 |     2 ||    11
       Conjure Flame     |       |       |     7 |     6 ||    13
       Sticky Flame      |       |       |     4 |    13 ||    17
       Flame Wave        |       |       |     4 |     5 ||     9
       Airstrike         |       |       |       |    19 ||    19
       Mephitic Cloud    |       |       |       |     1 ||     1
  Use: Scroll            |       |       |    18 |     4 ||    22
       Potion            |       |       |     1 |       ||     1
 Stab: Sleeping          |       |     1 |       |       ||     1
Armor: Robe              |     5 |     6 |     5 |    16 ||    32
Dodge: Dodged            |    18 |     7 |    35 |    68 ||   128
